 Dungeon Crawl Stone Soup version 0.24.1-5-g77f818bfca (webtiles) character file.

Game seed: 539400477745132202, levelgen mode: deterministic

15395 Atelerd the Destroyer (level 12, 0/74 HPs)
             Began as an Octopode Wizard on Nov 17, 2019.
             Was a Priest of Sif Muna.
             Slain by a wolf spider (21 damage)
             ... on level 2 of the Lair of Beasts on Apr 23, 2020.
             The game lasted 01:02:20 (20481 turns).

Atelerd the Destroyer (Octopode Wizard)            Turns: 20481, Time: 01:02:20

Health: 0/74       AC:  1    Str:  6    XL:     12   Next: 26%
Magic:  12/25      EV: 17    Int: 26    God:    Sif Muna [***...]
Gold:   805        SH:  4    Dex: 10    Spells: 9/29 levels left

rFire    + + .     SeeInvis .   N - +4 scimitar (freeze)
rCold    + . .     Gourm    .   u - +0 buckler
rNeg     + . .     Faith    .   a - +0 hat
rPois    .         Spirit   .   V - amulet of rage
rElec    .         Reflect  .   k - ring of resist corrosion
rCorr    +         Harm     .   h - ring of protection from cold
MR       .....                  v - +4 ring of evasion
Stlth    ++++......             x - ring of stealth
HPRegen  0.22/turn              C - ring of positive energy
MPRegen  0.19/turn              J - ring of protection from fire
                                R - ring of protection from fire
                                (no ring)

@: lethally poisoned (0 -> -5), very slightly contaminated
A: almost no armour, stealthy swim, amphibious, 8 rings, constrict 8, camouflage
1, gelatinous body 1
a: Channel Magic, Forget Spell, Renounce Religion, Evoke Berserk Rage


You were on level 2 of the Lair of Beasts.
You worshipped Sif Muna.
Sif Muna was most pleased with you.
You were near starving.

You visited 4 branches of the dungeon, and saw 16 of its levels.

You collected 958 gold pieces.
You spent 153 gold pieces at shops.

Inventory:

Hand Weapons
 j - a +0 falchion
 w - a +0 trident
 H - a +0 long sword
 L - a +1 scimitar of flaming
 N - a +4 scimitar of freezing (weapon)
Armour
 a - a +0 hat (worn)
 u - a +0 buckler (worn)
Jewellery
 h - a ring of protection from cold (right tentacle)
 k - a ring of resist corrosion (left tentacle)
 v - a +4 ring of evasion (on tentacle)
 x - a ring of stealth (on tentacle)
 C - a ring of positive energy (on tentacle)
 J - a ring of protection from fire (on tentacle)
 R - a ring of protection from fire (on tentacle)
 S - an uncursed ring of flight
 V - an amulet of rage (around mantle)
Wands
 l - a wand of scattershot (7)
 q - a wand of iceblast (14)
 D - a wand of flame (7)
 E - a wand of disintegration (14)
 F - a wand of digging (21)
 G - a wand of clouds (4)
 I - a wand of acid (13)
 P - a wand of enslavement (12)
 Q - a wand of polymorph (10)
Scrolls
 d - 2 scrolls of magic mapping
 e - 9 scrolls of remove curse
 f - 4 scrolls of immolation {unknown}
 i - 2 scrolls of fear
 m - 7 scrolls of amnesia {unknown}
 n - 2 scrolls of enchant weapon {unknown}
 p - 2 scrolls of random uselessness {unknown}
 r - 3 scrolls of enchant armour
 t - a scroll of fog
 y - a scroll of summoning
 A - 4 scrolls of teleportation {unknown}
 K - a scroll of identify
Potions
 b - 2 potions of mutation
 g - 4 potions of brilliance
 s - a potion of might
 z - a potion of curing
 B - 2 potions of flight
 M - 6 potions of haste
 O - 2 potions of lignification
 T - 2 potions of berserk rage {unknown}
 W - a potion of ambrosia
Comestibles
 c - 22 rations


   Skills:
 - Level 4.0 Fighting
 + Level 2.1 Dodging
 - Level 2.6 Stealth
 - Level 4.0 Shields
 + Level 9.2 Spellcasting
 - Level 13.3 Conjurations
 + Level 4.2 Summonings
 - Level 1.0 Translocations
 + Level 8.0 Invocations


You had 9 spell levels left.
You knew the following spells:

 Your Spells              Type           Power        Failure   Level  Hunger
a - Magic Dart            Conj           ####         1%          1    None
b - Mephitic Cloud        Conj/Pois/Air  #####...     2%          3    None
c - Blink                 Tloc           N/A          4%          2    None
d - Conjure Flame         Conj/Fire      #####...     1%          3    None
e - Summon Lightning Spi  Summ/Air       ###.....     21%         4    #......
f - Orb of Destruction    Conj           ######....   17%         7    #######

Your spell library contained the following spells:

 Spells                   Type           Power        Failure   Level  Hunger
 Summon Butterflies       Summ           ####....     1%          1    None
 Summon Small Mammal      Summ           ####         1%          1    None
 Call Imp                 Summ           ####....     1%          2    None
 Call Canine Familiar     Summ           ####....     2%          3    None
 Apportation              Tloc           ###...       3%          1    None
 Summon Guardian Golem    Hex/Summ       ###.....     6%          3    None
 Slow                     Hex            ##......     8%          2    None
 Iskenderun's Battlesphe  Conj/Chrm      #####...     9%          5    ####...
 Venom Bolt               Conj/Pois      #####.....   9%          5    ####...
 Lesser Beckoning         Tloc           ###.......   10%         3    None
 Tukima's Dance           Hex            ##......     16%         3    None
 Summon Ice Beast         Ice/Summ       ###.....     21%         4    #......
 Bolt of Magma            Conj/Fire/Erth #####.....   22%         5    ####...
 Aura of Abjuration       Summ           ####......   24%         5    ####...
 Summon Demon             Summ           ####......   24%         5    ####...
 Summon Forest            Summ/Tloc      ####......   43%         5    ####...
 Iron Shot                Conj/Erth      #####.....   43%         6    ######.
 Spellforged Servitor     Conj/Summ      ######....   75%         7    #######
 Alistair's Intoxication  Tmut/Pois      ##......     80%         5    ####...
 Silence                  Hex/Air        ##........   80%         5    ####...
 Invisibility             Hex            ##......     100%        6    ######.


Dungeon Overview and Level Annotations

Branches:
Dungeon (12/15)            Temple (1/1) D:5            Lair (2/6) D:10
 Spider (0/4) Lair:2          Orc (1/2) D:11
  Swamp: Lair:2-4    Shoals: Lair:2-4

Altars:
Ashenzari
Cheibriados
Dithmenos
Elyvilon
Fedhas
Gozag
Hepliaklqana
Kikubaaqudgha
Makhleb
Nemelex Xobeh
Okawaru
Qazlal
Ru
Sif Muna
Trog
Uskayaw
Vehumet
Wu Jian
Xom
Yredelemnul
Zin
The Shining One

Shops:
D:4 *   D:5 *%[

Annotations:
D:1 exclusion: downstairs
D:2 exclusion: downstairs
D:3 exclusion: downstairs
D:5 exclusion: 2 downstairs
D:7 exclusion: downstairs
D:9 exclusions: 2 downstairs and 1 more exclusion
Lair:1 exclusion: 2 downstairs


Innate Abilities, Weirdness & Mutations

You cannot wear most types of armour.
You are very stealthy in the water. (Stealth+)
You are amphibious.
You can wear up to eight rings at the same time.
You can use your tentacles to constrict eight enemies at once.
Your skin changes colour to match your surroundings (Stealth+).
Your rubbery body absorbs attacks. (AC +1, EV +1)


Message History

The wolf spider is lightly wounded.
You feel sick.
The wolf spider is engulfed in noxious fumes.
The wolf spider appears confused.
Unknown command.
You feel sick.
The wolf spider is engulfed in noxious fumes.
The wolf spider appears confused.
You feel sick.
You feel much better.
You feel sick.
The wolf spider is engulfed in noxious fumes.
The wolf spider appears confused.
You feel sick.
A crocodile comes into view.
The wolf spider is engulfed in noxious fumes.
The wolf spider hits you!
* * * LOW HITPOINT WARNING * * *
The wolf spider barely misses you. The wolf spider hits you!!
You die...

..........#.......##.#
.#............##.^^###
##...#...###.#.##^.^#
#...#.#..##...)#^^^..
##..............##^.)^#
................##^^^^.#
<........##..###.##^....
..#.....P.##....#.##..>.
........>..#....@..##
.PP...#..........s..#
............#.#?○..##
....######..t#######
....# #.P..# ...##
#....# ..P #.....# ...
#....## #. #.....


You could see a wolf spider (confused) and a crocodile.

Vanquished Creatures
  Erica (D:8)
  5 two-headed ogres
  2 black mambas (Lair:2)
  Maurice (D:8)
  3 spiny frogs
  3 trolls
  A hornet (Lair:2)
  3 hippogriffs
  A vampire (D:10)
  A redback (Lair:2)
  16 yaks
  A porcupine (Lair:1)
  3 water moccasins
  A sky beast (D:8)
  3 orc warriors
  4 ogres
  A necrophage (D:10)
  3 wolves (D:10)
  6 phantoms
  4 centaurs
  2 crocodiles
  A big kobold (D:7)
  A gnoll sergeant (D:7)
  A water moccasin zombie (D:9)
  7 bullfrogs
  A wyvern zombie (D:8)
  5 scorpions
  9 killer bees
  2 electric eels (D:9)
  3 wights
  3 howler monkeys
  2 crimson imps
  3 orc priests
  8 hounds
  8 jellies
  A quasit (D:7)
  4 bullfrog skeletons
  A gnoll shaman (D:7)
  4 orc wizards
  2 iguanas
  8 worker ants
  A hound skeleton (D:4)
  10 gnolls
  12 adders
  3 shadow imps
  3 oozes
  2 adder skeletons
  2 worms (D:3)
  3 dart slugs
  6 leopard geckos
  31 orcs
  3 giant cockroaches
  8 goblins
  12 hobgoblins
  8 jackals
  5 quokkas
  9 bats
  5 frilled lizards
  A jackal skeleton (D:4)
  9 kobolds
  5 rats
277 creatures vanquished.

Vanquished Creatures (collateral kills)
  A komodo dragon (Lair:2)
  A jumping spider (Lair:2)
  A redback (Lair:2)
  A basilisk (Lair:2)
4 creatures vanquished.

Vanquished Creatures (others)
  A wyvern (D:11)
  7 fungi (Lair:2)
  14 plants
22 creatures vanquished.

Grand Total: 303 creatures vanquished

Notes
Turn   | Place    | Note
-------+----------+-------------------------------------------
     0 | D:1      | Atelerd the Octopode Wizard began the quest for the Orb.
     0 | D:1      | Reached XP level 1. HP: 11/11 MP: 4/4
   255 | D:1      | Reached skill level 2 in Conjurations
   255 | D:1      | Reached XP level 2. HP: 17/17 MP: 1/6
  1112 | D:1      | Reached XP level 3. HP: 21/21 MP: 2/7
  1117 | D:1      | Learned a level 3 spell: Mephitic Cloud
  1554 | D:2      | Reached skill level 3 in Conjurations
  1885 | D:2      | Found an iron altar of Okawaru.
  2216 | D:2      | Found an ancient bone altar of Kikubaaqudgha.
  2492 | D:2      | Reached XP level 4. HP: 27/27 MP: 3/8
  2552 | D:2      | Found a bloodstained altar of Trog.
  2552 | D:2      | Found an opulent altar of Gozag.
  2557 | D:2      | Found a faded altar of an unknown god.
  2562 | D:2      | Found a stormy altar of Qazlal.
  2563 | D:2      | Found a faded altar of an unknown god.
  2750 | D:3      | Found a sparkling altar of Nemelex Xobeh.
  2777 | D:3      | Reached skill level 4 in Conjurations
  2834 | D:3      | Learned a level 3 spell: Conjure Flame
  2837 | D:3      | Learned a level 2 spell: Blink
  2842 | D:3      | Reached XP level 5. HP: 24/31 MP: 1/9
  3039 | D:3      | Found a basalt altar of Yredelemnul.
  3044 | D:3      | Noticed a profane servitor
  3318 | D:3      | Found a glowing golden altar of the Shining One.
  3320 | D:3      | Noticed an angel
  3542 | D:3      | Found a snail-covered altar of Cheibriados.
  4174 | D:4      | Found Miatuzxe's Assorted Antiques.
  4182 | D:4      | Bought a scroll labeled FEAXAN ZANOLUNU for 26 gold pieces
  4182 | D:4      | Bought a scroll labeled IGATEL REILUKHIN for 26 gold pieces
  4182 | D:4      | Bought a scroll labeled EQIRUBL WOIPH for 26 gold pieces
  4555 | D:4      | Reached skill level 5 in Conjurations
  4571 | D:4      | HP: 1/31 [orc/+0 morningstar (6)]
  5047 | D:4      | Reached XP level 6. HP: 36/36 MP: 7/11
  5120 | D:4      | Reached skill level 1 in Fighting
  5120 | D:4      | Reached skill level 1 in Shields
  5316 | D:4      | Noticed a phantom
  5409 | D:4      | Killed a phantom
  5447 | D:4      | Reached XP level 7. HP: 10/44 MP: 1/13
  5947 | D:4      | Reached skill level 6 in Conjurations
  6818 | D:4      | Upgraded the game from 0.24.0-35-gdb84b6a5db to
                  | 0.24.0-37-gcf1ca852f1
  6852 | D:5      | Entered Level 5 of the Dungeon
  6916 | D:5      | Reached XP level 8. HP: 42/50 MP: 5/14
  7065 | D:5      | Found Qufubit's Antique Armour Emporium.
  7118 | D:5      | Reached skill level 7 in Conjurations
  7257 | D:5      | Found a staircase to the Ecumenical Temple.
  7271 | Temple   | Entered the Ecumenical Temple
  7471 | Temple   | Became a worshipper of Sif Muna the Loreminder
  7753 | D:5      | Found Kycus's Assorted Antiques.
  7759 | D:5      | Bought a scroll labeled YNULOFR YLEZ for 25 gold pieces
  7759 | D:5      | Bought a scroll labeled DIMUCVUUDAL for 25 gold pieces
  7759 | D:5      | Bought a scroll labeled DIMUCVUUDAL for 25 gold pieces
  7827 | D:5      | Reached skill level 5 in Spellcasting
  7827 | D:5      | Reached skill level 1 in Invocations
  8013 | D:5      | Found Wismah's Food Boutique.
  8993 | D:7      | Found a hazy altar of Hepliaklqana.
  9376 | D:7      | Reached skill level 8 in Conjurations
  9504 | D:7      | Reached XP level 9. HP: 54/54 MP: 1/17
  9859 | D:7      | Reached * piety under Sif Muna
 10675 | D:8      | Found a shadowy altar of Dithmenos.
 10687 | D:8      | Reached skill level 9 in Conjurations
 11147 | D:8      | Noticed Maurice
 11171 | D:8      | Killed Maurice
 11298 | D:8      | Noticed Erica
 11601 | D:8      | Noticed a two-headed ogre
 11884 | D:8      | Killed Erica
 11884 | D:8      | Reached skill level 10 in Conjurations
 11884 | D:8      | Reached skill level 5 in Invocations
 11884 | D:8      | Reached XP level 10. HP: 53/60 MP: 5/20
 12069 | D:8      | Found a shimmering altar of Xom.
 12511 | D:8      | Killed a two-headed ogre
 13060 | D:9      | You fall into a shaft and drop 3 floors!
 13628 | D:11     | Found a staircase to the Orcish Mines.
 13632 | D:10     | Entered Level 10 of the Dungeon
 13822 | D:10     | Noticed a two-headed ogre
 13835 | D:10     | Killed a two-headed ogre
 13835 | D:10     | Reached ** piety under Sif Muna
 13835 | D:10     | Reached skill level 11 in Conjurations
 14357 | D:9      | Noticed a two-headed ogre
 14380 | D:9      | Killed a two-headed ogre
 14380 | D:9      | Reached XP level 11. HP: 64/64 MP: 8/22
 15150 | D:9      | Learned a level 4 spell: Summon Lightning Spire
 15844 | D:10     | Found a staircase to the Lair.
 15898 | D:10     | Noticed a two-headed ogre
 15912 | D:10     | Killed a two-headed ogre
 15950 | D:9      | Reached skill level 12 in Conjurations
 17764 | D:10     | Learned a level 7 spell: Orb of Destruction
 17856 | D:11     | Noticed a two-headed ogre
 17877 | D:11     | Killed a two-headed ogre
 17936 | D:11     | Identified the Catalogue of the Battered Yaks
 18049 | D:11     | Noticed a cyclops
 18133 | Orc:1    | Entered Level 1 of the Orcish Mines
 18170 | Lair:1   | Entered Level 1 of the Lair of Beasts
 19066 | Lair:2   | Reached XP level 12. HP: 72/72 MP: 21/24
 19301 | Lair:2   | Reached skill level 13 in Conjurations
 20037 | Lair:1   | Upgraded the game from 0.24.0-37-gcf1ca852f1 to
                  | 0.24.1-5-g77f818bfca
 20207 | Lair:2   | Found a hole to the Spider Nest.
 20214 | Lair:2   | Reached *** piety under Sif Muna
 20481 | Lair:2   | Slain by a wolf spider

Levels and vault maps discovered:
D:1:      kilobyte_arrival_exit_the_forest, layout_basic
D:2:      layout_loops_ring, okawaru_ov_weapons_minmay,
          nicolae_overflow_hidden_temple, chequers_temple_overflow_minitemple,
          minmay_misc_feat_ornament
D:3:      layout_basic, grunt_temple_overflow_holy_war,
          nemelex_xobeh_ov_fountains_minmay, nicolae_overflow_crystal_walls,
          first_ration, amethyst_killhole
D:4:      minmay_chambers_of_threes, layout_basic, serial_shops, shop,
          minmay_diced_spiral
D:5:      layout_loops_corners, minmay_temple_entry_waves, serial_shops,
          nicolae_shop_crystal, nicolae_shop_crystal, shop,
          chequers_serial_rivers_room_a
D:6:      layout_cave_pods, basic_altar, hangedman_feature_mirror,
          roderic_serpentine_path, hangedman_decor_peaks_small,
          uniq_blork_the_orc
D:7:      kennysheep_housing_project, layout_loops_ring, lemuel_crystal_altar,
          grunt_ogre_cave, lightli_corner_chamber
D:8:      layout_loops_corners, nicolae_dithmenos_shadow_blocks, serial_glass,
          glass_columns_c, glass_columns_a, basic_altar, uniq_maurice,
          uniq_erica
D:9:      statuecave_lemuel, layout_basic, minmay_holes
D:10:     layout_rooms, erik_lair_island, minmay_quadrilaterals
D:11:     layout_basic, orc_0_dummy, serial_co_window_serial, co_window_paths_a,
          co_window_of_opportunity_a, co_window_corner_a, co_window_paths_b,
          co_window_corner_a, co_window_broadway_b, co_window_corner_b,
          co_window_corner_ca, glass_columns_b, glass_columns_a,
          glass_columns_a, glass_columns_a, glass_columns_a, lemuel_old_faithful
D:12:     minmay_general_purpose_star, layout_irregular_city,
          gammafunk_ghost_arena
Temple:   minmay_temple_curvy_loop
Lair:1:   layout_regular_city
Lair:2:   minmay_lair_venomous_thicket, layout_misc_corridors,
          spider_nest_entry_funnel_web
Orc:1:    layout_caves, uniq_nergalle, uniq_fannar

Skill      XL: |  1  2  3  4  5  6  7  8  9 10 11 12 |
---------------+-------------------------------------+-----
Conjurations   | 2 3 4 5 6 8 10 11 12 13 | 13.3
Fighting       | 1 2 3 4 |  4.0
Shields        | 1 2 4 |  4.0
Spellcasting   | 4 5 6 7 8 9 |  9.2
Invocations    | 2 5 7 8 |  8.0
Summonings     | 4 |  4.2
Dodging        | |  2.1
Stealth        | |  2.6
Translocations | |  1.0

Action                   |  1- 3 |  4- 6 |  7- 9 | 10-12 || total
-------------------------+-------+-------+-------+-------++-------
Melee: Unarmed           |     3 |       |       |       ||     3
       Dagger            |    19 |       |       |       ||    19
       Constrict         |     4 |    23 |    34 |    31 ||    92
       Tentacles         |     1 |    11 |    24 |    27 ||    63
       Falchion          |       |    55 |     1 |       ||    56
       Trident           |       |    21 |   154 |       ||   175
       Long sword        |       |       |     8 |       ||     8
       Scimitar          |       |       |       |   134 ||   134
 Cast: Magic Dart        |    49 |   103 |   261 |   317 ||   730
       Mephitic Cloud    |       |    10 |    43 |    73 ||   126
       Conjure Flame     |       |     3 |    29 |    60 ||    92
       Blink             |       |       |     2 |    15 ||    17
       Summon Lightning  |       |       |       |     6 ||     6
Invok: Channel Magic     |       |       |       |     2 ||     2
Evoke: Wand              |       |       |     8 |    36 ||    44
  Use: Potion            |       |     7 |       |     3 ||    10
       Scroll            |       |       |     2 |     9 ||    11
 Stab: Sleeping          |     7 |     5 |     4 |     1 ||    17
       Confused          |       |     1 |     3 |     3 ||     7
       Distracted        |       |       |     1 |       ||     1
  Eat: Chunk             |     5 |     6 |    16 |    15 ||    42
       Ration            |       |     1 |     2 |     3 ||     6
Armor: Skin              |     1 |    16 |     5 |     5 ||    27
Dodge: Dodged            |    14 |    55 |   118 |   170 ||   357
Block: Buckler           |       |       |    19 |    42 ||    61
       Rpst.: Falchion   |       |    18 |       |       ||    18
       Long sword        |       |       |     5 |       ||     5
       Scimitar          |       |       |       |    49 ||    49
